[Event "***Titled Tuesday 3|2 Blitz"]
[Site "Chess.com"]
[Date "2017.02.07"]
[Round "2"]
[White "Grootneus"]
[Black "Alliswell998"]
[Result "0-1"]
[WhiteElo "2129"]
[BlackElo "2147"]
[TimeControl "180+2"]
[EndTime "13:27:03 PST"]
[Termination "Alliswell998 won by resignation"]

1. e4 c5 2. b4 cxb4 3. a3 e6 4.
axb4 d5 5. exd5 exd5 6. b5 Nf6 7. Nf3 Bd6 8. Bd3 Qe7+ 9. Qe2 Qxe2+ 10. Bxe2 O-O 11.
O-O Re8 12. Bd3 Nbd7 13. Bb2 Nc5 14. Ba3 Nfe4 15. Be2 Bd7 16. d4 Ne6 17. Bxd6 Nxd6 18. Ne5 Bxb5 19. Bxb5 Nxb5 20. c3 Rac8 21. f4 f6 22. Nd3 a6 23. f5 Ng5 24. Nc5 Rc7 25. Nd2 Nxc3 26. Rfe1 Nce4 27. h4 Nf7 28. Ncxe4 dxe4 29. Rxe4 Rxe4 30. Nxe4 Rd7 31. Rd1 b6 32. Kf2 Nd6 33.
Nxd6 Rxd6 34. Ke3 Kf7 35. Ke4 Ke7 36. Ra1 b5 37. g4 Rb6 38. Kd5 Kd7 39. Kc5 Rc6+ 40.
Kd5 b4 41. g5 b3 42. Rb1 Rb6 43. Kc5 Rb8 44. d5 a5 45. d6 a4 46. Re1 b2 47.
Re7+ Kd8 48. Rxg7 b1=Q 49. Rg8+ Kd7 50. Rg7+ Kc8 51. d7+ Kc7 52. Kd5 0-1

[Event "***Titled Tuesday 3|2 Blitz"]
[Site "Chess.com"]
[Date "2017.02.07"]
[Round "2"]
[White "ftorodent"]
[Black "hansen"]
[Result "1/2-1/2"]
[WhiteElo "2508"]
[BlackElo "2634"]
[TimeControl "180+2"]
[EndTime "13:27:06 PST"]
[Termination "Game drawn by repetition"]

1. d4 Nf6 2. c4 g6 3. Nc3 d5 4.
Nf3 Bg7 5. cxd5 Nxd5 6. Bg5 c5 7. Rc1 Nxc3 8. bxc3 O-O 9. Qd2 Nc6 10. e3 Bf5 11.
Be2 Rc8 12. O-O h6 13. Bh4 Be4 14. Qb2 Na5 15. Nd2 Bc6 16. Qa3 b6 17. Rfd1 Qd6 18. dxc5 Qxc5 19. Qxc5 bxc5 20. Bxe7 Rfe8 21. Bh4 Rb8 22. Nc4 Bb5 23. Nxa5 Bxe2 24. Re1 Bd3 25. Nb3 c4 26. Nd4 Rb2 27. Ra1 f5 28. Bg3 Bxd4 29. exd4 Rxe1+ 30. Rxe1 Rxa2 31. h4 Kf7 32. Bd6 g5 33. h5 f4 34. Bc5 a5 35. d5 Re2 36.
Ra1 Re5 37. Rxa5 Rxd5 38. Ra7+ Kg8 39. Bd4 Rd6 40. Rg7+ Kf8 41. Rc7 Re6 42. f3 Re1+ 43. Kh2 Re6 44. Kg1 Kg8 45. Rg7+ Kf8 46. Rc7 Ra6 47. Kh2 Kg8 48. Rg7+ Kf8 49. Rc7 Re6 50. Bg7+ Kg8 51. Bd4 Kf8 52. Bg7+ Kg8 53. Bd4 Kf8 54. Bg7+ Kg8 55. Bd4 Kf8 1/2-1/2

[Event "***Titled Tuesday 3|2 Blitz"]
[Site "Chess.com"]
[Date "2017.02.07"]
[Round "2"]
[White "FelixBlohberger"]
[Black "Wolverine_master"]
[Result "1-0"]
[WhiteElo "2089"]
[BlackElo "1984"]
[TimeControl "180+2"]
[EndTime "13:27:08 PST"]
[Termination "FelixBlohberger won by resignation"]

1. Nf3 Nf6 2. c4 e6 3. g3 d5 4. Bg2 Be7 5. O-O O-O 6. b3 c5 7. Bb2 Nc6 8. cxd5 exd5 9. d4 cxd4 10. Nxd4 Nxd4 11. Qxd4 Be6 12. Nc3 a6 13. Rfd1 Rc8 14. Rac1 Qa5 15. Nxd5 Bxd5 16. Bxd5 Rxc1 17. Bxc1 Nxd5 18.
Qxd5 Qxa2 19. Qxb7 Qc2 20. Qd5 Bf6 21. Qd3 Qxd3 22.
Rxd3 Rc8 23. Bd2 h6 24. Kg2 Rc2 25. Kf3 Kh7 26. h4 h5 27. e4 Ra2 28. Ke2 a5 29.
Rd5 a4 30. bxa4 Rxa4 31. Kf3 g6 32. Be3 Kg7 33. e5 Be7 34. Rd7 Kf8 35. Rb7 Ra5 36.
Rb8+ Kg7 37. Rb7 Rd5 38. Rxe7 1-0

[Event "***Titled Tuesday 3|2 Blitz"]
[Site "Chess.com"]
[Date "2017.02.07"]
[Round "2"]
[White "MasterLeif"]
[Black "capatl"]
[Result "1-0"]
[WhiteElo "2351"]
[BlackElo "2351"]
[TimeControl "180+2"]
[EndTime "13:27:09 PST"]
[Termination "MasterLeif won by resignation"]

1. e4 c5 2. Nf3 e6 3. d4 cxd4 4. Nxd4 a6 5. g4 b5 6. Bg2 Bb7 7. a4 b4 8. Bf4 Nc6 9. O-O Qb6 10. Nxc6 Qxc6 11. c3 Nf6 12. Re1 d5 13. exd5 Nxd5 14.
cxb4 Bxb4 15. Nc3 Bxc3 16. Bxd5 Qxd5 17. Qxd5 Bxd5 18. bxc3 Rc8 19. Bd2 Rc4 20. f4 g5 21. Rf1 Rg8 22. h3 h5 23. fxg5 hxg4 24. Rf4 Rxf4 25. Bxf4 gxh3 26. Kh2 Rh8 27. Rb1 Kd7 28.
a5 Rh4 29. Rb4 Bg2 30. Bg3 Rxb4 31. cxb4 Kc6 32. Kg1 Kd5 33. Kf2 e5 34. Ke3 e4 35.
Bh2 Kc4 36. Bd6 Kb5 37. Kf2 Kc6 38. Bh2 Kd5 39. Ke3 Ke6 40. Bg3 Kf5 41. b5 axb5 42.
a6 Kg4 43. Bh2 b4 44. a7 b3 45. a8=Q b2 46. Qb8 1-0

[Event "***Titled Tuesday 3|2 Blitz"]
[Site "Chess.com"]
[Date "2017.02.07"]
[Round "2"]
[White "Andrejkin"]
[Black "ChristopherYoo"]
[Result "1-0"]
[WhiteElo "2182"]
[BlackElo "2080"]
[TimeControl "180+2"]
[EndTime "13:27:09 PST"]
[Termination "Andrejkin won by resignation"]

1. e4 e5 2. Nf3 Nc6 3. Bc4 Bc5 4.
c3 Nf6 5. d4 exd4 6. cxd4 Bb4+ 7. Bd2 Nxe4 8. Bxb4 Nxb4 9. Bxf7+ Kxf7 10. Qb3+ d5 11.
Qxb4 Rf8 12. Nc3 Kg8 13. Nxe4 dxe4 14. Qc4+ Kh8 15. Ne5 Qf6 16. O-O c6 17. Qb4 Rb8 18. Nxc6 bxc6 19. Qxb8 Ba6 20. Qe5 Bxf1 21. Qxf6 gxf6 22.
Kxf1 Rd8 23. Rd1 f5 24. Ke2 Kg7 25. Ke3 Kf6 26. Rc1 Rd6 27. b4 Kg5 28. g3 Kg4 29. h4 Rf6 30. Rc5 h6 31. Rc3 f4+ 32. Kxe4 Re6+ 33.
Kd3 fxg3 34. fxg3 Kxg3 35. Kc4+ Kxh4 36. Kc5 Kg4 37. b5 cxb5 38. d5 Re1 39. d6 Rd1 40. Kc6 h5 41. Kc7 h4 42. d7 h3 43. d8=Q Rxd8 44.
Kxd8 b4 45. Rc4+ Kg3 46. Rxb4 h2 47. Rb1 Kg2 48. Kc7 h1=Q 49. Rxh1 Kxh1 50. a4 a5 51. Kb6 Kg2 52. Kxa5 Kf3 53. Kb6 Ke4 54. a5 Kd5 55. a6 Kd6 56. Kb7 1-0

[Event "***Titled Tuesday 3|2 Blitz"]
[Site "Chess.com"]
[Date "2017.02.07"]
[Round "2"]
[White "scenicregal"]
[Black "Shivagami"]
[Result "1-0"]
[WhiteElo "1845"]
[BlackElo "1977"]
[TimeControl "180+2"]
[EndTime "13:27:19 PST"]
[Termination "scenicregal won by resignation"]

1. e4 e5 2. Nf3 Nc6 3. Bb5 a6 4.
Ba4 Nf6 5. O-O Be7 6. Re1 b5 7. Bb3 d6 8. c3 O-O 9. d4 Bg4 10. Be3 Na5 11. Bc2 Nc4 12. b3 Nxe3 13. Rxe3 c5 14. h3 Bxf3 15. Rxf3 Re8 16. d5 a5 17. Nd2 Nh5 18. g3 Qd7 19. Kh2 Reb8 20. Nf1 g6 21.
Ne3 Bf8 22. Ng4 Bg7 23. Qd2 Rf8 24. Nh6+ Kh8 25. Bd1 f5 26. exf5 gxf5 27. Qg5 e4 28.
Re3 Qe8 29. Bxh5 Qe5 30. Nf7+ Rxf7 31. Bxf7 Rf8 32. Be6 h6 33. Qf4 Qf6 34. Qxd6 Rd8 35. Qxc5 f4 36. Rxe4 fxg3+ 37. fxg3 Rf8 38. Rf4 Qe5 39.
Rxf8+ Kh7 40. Rf2 1-0

[Event "***Titled Tuesday 3|2 Blitz"]
[Site "Chess.com"]
[Date "2017.02.07"]
[Round "2"]
[White "DrVelja"]
[Black "Evgeny_Levin"]
[Result "0-1"]
[WhiteElo "2515"]
[BlackElo "2758"]
[TimeControl "180+2"]
[EndTime "13:27:20 PST"]
[Termination "Evgeny_Levin won by resignation"]

1. e4 c5 2. Nf3 d6 3. d4 cxd4 4.
Nxd4 Nf6 5. Nc3 a6 6. Bc4 e6 7.
Bb3 b5 8. Bg5 Be7 9. Qf3 Bb7 10.
Bxe6 Qb6 11. Nf5 fxe6 12. Nxg7+ Kf7 13. Bxf6 Bxf6 14. Nh5 Nd7 15. O-O-O Ke7 16. Nxf6 Nxf6 17. Rhe1 Raf8 18. Kb1 Rhg8 19. Qh3 b4 20. Ne2 Qxf2 21. Nd4 Rg4 22. Rf1 Qxg2 23. Qb3 Rxe4 24. Qxb4 Rxd4 25. Qxd4 Qc6 26. Rg1 Rf7 27. Rdf1 e5 28. Qh4 Qe4 29. Qh6 Qc4 30. b3 Qe6 31. Rg7 Be4 32.
Rxf7+ Kxf7 33. Kb2 Bg6 34. Qg5 d5 35. h4 d4 36. h5 Be4 37. Rg1 Ke7 38. Qg7+ Qf7 39. Qh6 Ke6 40. Rg7 Qxh5 41. Qd2 Qf3 42. Qb4 Qc3+ 43.
Qxc3 dxc3+ 44. Kxc3 h5 45. Kd2 h4 46. Ke3 h3 47. Rg3 h2 48. Rh3 h1=Q 0-1

[Event "***Titled Tuesday 3|2 Blitz"]
[Site "Chess.com"]
[Date "2017.02.07"]
[Round "2"]
[White "A-Fier"]
[Black "pedroholly22"]
[Result "1-0"]
[WhiteElo "2493"]
[BlackElo "2275"]
[TimeControl "180+2"]
[EndTime "13:27:20 PST"]
[Termination "A-Fier won by resignation"]

1. e4 c5 2. Nf3 Nc6 3. d4 cxd4 4.
Nxd4 Nf6 5. Nc3 e5 6. Ndb5 d6 7.
Bg5 a6 8. Na3 b5 9. Nd5 Be7 10.
Bxf6 Bxf6 11. c3 Bg5 12. Nc2 Bh6 13. a4 bxa4 14. Rxa4 O-O 15. Bc4 a5 16. Ra2 Rb8 17. O-O g6 18. Qd3 Kh8 19. b4 axb4 20. cxb4 f5 21. b5 fxe4 22. Qxe4 Bf5 23. Qe2 Ne7 24. Nxe7 Qxe7 25. Nb4 Qh4 26. Nc6 Rb7 27. Bd5 Rb6 28.
Ra6 Rb7 29. g3 Qf6 30. b6 Bh3 31. Bg2 Bxg2 32. Kxg2 Bg7 33. Qe4 Qe6 34. Nb4 Qc8 35. Nd5 Qc6 36. Ra4 Rbf7 37. Rc4 Qb5 38. Ne3 Qxb6 39. Rc2 Qd4 40. Qxd4 exd4 41. Nd5 Rf5 42. Nb4 Rc5 43. Rd2 Rb8 44. Nd3 Rc3 45. Nf4 Be5 46.
Ne6 Rcb3 47. Nxd4 Rb2 48. Rxb2 Rxb2 49. Nf3 Kg7 50. Rd1 Kf6 51. Ne1 Ke6 52. Nd3 Ra2 53.
Kf3 Ra3 54. Rd2 h6 55. Ke2 Ra4 56. Rc2 Ra1 57. Rc8 Ra2+ 58. Ke3 Bf6 59. Nf4+ Kf5 60.
Rf8 Ra3+ 61. Ke2 Ra2+ 62. Kf3 Ra3+ 63. Kg2 g5 64. Nd5 Ke6 65. Nxf6 Ke7 66. Nh7 1-0

[Event "***Titled Tuesday 3|2 Blitz"]
[Site "Chess.com"]
[Date "2017.02.07"]
[Round "2"]
[White "PlotnikovPavel"]
[Black "Kouzari"]
[Result "0-1"]
[WhiteElo "2313"]
[BlackElo "2486"]
[TimeControl "180+2"]
[EndTime "13:27:28 PST"]
[Termination "Kouzari won by resignation"]

1. d4 Nf6 2. Nf3 e6 3. c4 c5 4. e3 g6 5. dxc5 Qa5+ 6. Nc3 Qxc5 7. Be2 Bg7 8. O-O O-O 9. Rb1 a6 10. b4 Qc7 11. Ba3 Rd8 12. Qb3 d6 13. Rfd1 b6 14. Rbc1 Bb7 15. Bb2 Nbd7 16. Nd4 Rac8 17. h3 Qb8 18. a4 d5 19. Qa2 e5 20. Nf3 e4 21.
Nd4 dxc4 22. Bxc4 Ne5 23. Be2 h5 24. b5 a5 25. Ba3 Bf8 26. Bxf8 Kxf8 27. Rc2 Kg7 28.
Qb1 Rc5 29. Qa1 Rdc8 30. Nb3 R5c7 31. Rcc1 Kg8 32. Na2 Rxc1 33. Rxc1 Rxc1+ 34. Qxc1 Qd6 35. Nd4 h4 36. Qc3 Nd5 37. Qb2 Qf6 38. Nc3 Nb4 39. Qb1 Ned3 40. f4 exf3 41. Bxd3 Qg5 42. Qf1 Qxe3+ 43.
Kh2 Qxd4 0-1

[Event "***Titled Tuesday 3|2 Blitz"]
[Site "Chess.com"]
[Date "2017.02.07"]
[Round "2"]
[White "twitchTriniCupid"]
[Black "ER404"]
[Result "0-1"]
[WhiteElo "2109"]
[BlackElo "2160"]
[TimeControl "180+2"]
[EndTime "13:27:34 PST"]
[Termination "ER404 won by resignation"]

1. Nf3 Nf6 2. g3 g6 3. Bg2 Bg7 4. d4 O-O 5. O-O c5 6. d5 e6 7. c4 exd5 8. cxd5 d6 9. a4 Re8 10. Nc3 a6 11. Nd2 Nbd7 12. a5 b5 13. axb6 Nxb6 14.
e4 Ng4 15. Nb3 Ne5 16. Na5 Nbc4 17. Nxc4 Nxc4 18. Qc2 f5 19. b3 Nb6 20. f3 c4 21.
Be3 Rb8 22. Ne2 Nxd5 23. Qxc4 Bxa1 24. Rxa1 Be6 25. exd5 Bf7 26. Bf2 Qf6 27. Nd4 Rbc8 28. Qxa6 Bxd5 29. Rd1 f4 30. Qa5 Bf7 31. b4 Ra8 32.
Qc7 Ra2 33. Bf1 fxg3 34. hxg3 d5 35. Qc6 Qe5 36. Kg2 Qb8 37. b5 Rc8 38. Qd7 Rd8 39.
Qg4 Re8 40. Qf4 Qb6 41. g4 Rf8 42. Qe3 Re8 43. Qc3 Rea8 44. Qb4 R8a4 45. Qd6 Qxd6 46.
Nc6 Qc5 47. Be2 Rxe2 48. Rf1 Raa2 49. Ne5 Rxe5 50. Kg3 Rxf2 51. Rxf2 Qxb5 52. f4 Re2 53. Rf3 d4 54. f5 Re3 0-1

[Event "***Titled Tuesday 3|2 Blitz"]
[Site "Chess.com"]
[Date "2017.02.07"]
[Round "2"]
[White "MagnusCarlsen"]
[Black "samolo"]
[Result "1-0"]
[WhiteElo "2970"]
[BlackElo "2519"]
[TimeControl "180+2"]
[EndTime "13:27:36 PST"]
[Termination "MagnusCarlsen won by resignation"]

1. d4 g6 2. e4 Bg7 3. Nf3 c5 4.
d5 d6 5. Nc3 Nf6 6. Bb5+ Bd7 7.
a4 O-O 8. O-O Bg4 9. Re1 Na6 10.
h3 Bxf3 11. Qxf3 Nb4 12. Qd1 Rc8 13. Bf1 Qa5 14. Bd2 Nd7 15. Qc1 Rfe8 16. Nd1 Qd8 17. Ne3 e6 18. c3 Na6 19. dxe6 fxe6 20. Nc4 Ne5 21. Bf4 Qe7 22. Qd2 Rcd8 23. Rad1 Nb8 24.
Bg5 Bf6 25. Bxf6 Qxf6 26. Nxd6 Rf8 27. f4 Qxf4 28. Qxf4 Rxf4 29. Nxb7 Rxd1 30. Rxd1 Nbc6 31. Nxc5 Kf7 32. b4 Ke7 33. Bb5 Nb8 34. a5 Rf8 35. Ba4 Rc8 36. Kf2 g5 37. Ke3 h5 38. Rd4 Rf8 39. Bb3 Rf1 40. Rd1 Rf6 41. b5 g4 42.
Ke2 gxh3 43. gxh3 Rf3 44. Nd3 Rxh3 45. Nxe5 Rxc3 46. Bc4 Kf6 47. Kd2 Ra3 48. Nc6 Nd7 49. Rf1+ Kg5 50. Rf7 Nc5 51. Rxa7 Nxe4+ 52. Ke2 Rc3 53.
Bd3 Nc5 54. Rg7+ Kf6 55. Rg6+ Kf7 56. Ne5+ Ke7 57. a6 Ra3 58. a7 h4 59. b6 h3 60.
Rh6 Ra2+ 61. Ke3 Kd6 62. Nc4+ Kd5 63. Rh5+ Kc6 64. Rxh3 Kb5 65. Rh5 Kb4 66. Rxc5 Kxc5 67. b7 1-0

[Event "***Titled Tuesday 3|2 Blitz"]
[Site "Chess.com"]
[Date "2017.02.07"]
[Round "2"]
[White "Vrolijk"]
[Black "Rozum_Ivan"]
[Result "0-1"]
[WhiteElo "2304"]
[BlackElo "2567"]
[TimeControl "180+2"]
[EndTime "13:27:40 PST"]
[Termination "Rozum_Ivan won by checkmate"]

1. d4 Nf6 2. c4 e6 3. Nf3 b6 4. g3 Bb7 5. Bg2 Be7 6. O-O O-O 7.
d5 exd5 8. Nh4 c6 9. cxd5 Nxd5 10. Nf5 Nc7 11. e4 d5 12. exd5 cxd5 13. Nc3 Bf6 14. Bf4 Nba6 15. Re1 Bxc3 16. bxc3 Ne6 17. Bd6 Re8 18. Qg4 g6 19. Nh6+ Kg7 20. Be5+ f6 21.
Nf5+ Kh8 22. Nd6 Qe7 23. Nxe8 fxe5 24. Rxe5 Rxe8 25. Rae1 Nac5 26. Bh3 Bc8 27. Rxd5 Qf7 28. Rde5 Rf8 29. Qe2 Nf4 30. gxf4 Bxh3 31. Qe3 Bd7 32. Qd4 Qf6 33. Re7 Kg8 34. Rxd7 Nxd7 35. Qxd7 Qxf4 36. Qd5+ Rf7 37. Re8+ Kg7 38. Qd4+ Qxd4 39. cxd4 Rd7 40. Re4 Kf6 41. Kg2 Rd5 42. Kf3 Ra5 43. Re2 Ra3+ 44.
Ke4 Ke6 45. f4 Kd6 46. f5 gxf5+ 47. Kxf5 Rh3 48. Kg4 Rd3 49. Re4 Rd2 50. h4 Rxa2 51.
h5 b5 52. Kg5 b4 53. Kh6 b3 54. Re3 b2 55. Rb3 a5 56. Kxh7 a4 57. Rb8 a3 58.
h6 Ra1 59. Kh8 b1=Q 60. h7 Qxb8+ 61. Kg7 Rg1+ 62. Kf6 Qh8+ 63. Kf7 Qxh7+ 64. Kf8 Rg8# 0-1

[Event "***Titled Tuesday 3|2 Blitz"]
[Site "Chess.com"]
[Date "2017.02.07"]
[Round "2"]
[White "bilelou"]
[Black "stepanosinovsky"]
[Result "0-1"]
[WhiteElo "2349"]
[BlackElo "2250"]
[TimeControl "180+2"]
[EndTime "13:27:40 PST"]
[Termination "stepanosinovsky won on time"]

1. e4 e5 2. Nf3 Nc6 3. c3 Nf6 4.
d4 d6 5. Bd3 g6 6. O-O Bg7 7. Re1 O-O 8. h3 Nh5 9. d5 Nb8 10. c4 Nd7 11. Nc3 Nc5 12. Bc2 a5 13. Be3 Nf4 14. Qd2 Qf6 15. Bxf4 exf4 16. e5 dxe5 17.
Rxe5 Qb6 18. Nb5 c6 19. Nd6 Bxe5 20. Nxe5 cxd5 21. Re1 Qxd6 22. cxd5 Bd7 23. Qxf4 Rae8 24. Re3 f5 25. Qd4 f4 26. Re1 Bf5 27. Bb3 Re7 28.
Nf3 Rxe1+ 29. Nxe1 Nxb3 30. axb3 Rd8 31. Nf3 b6 32. h4 Qxd5 33. Qf6 Qd6 34. Qg5 Rd7 35.
h5 Qe7 36. Qxf4 Rd1+ 37. Kh2 Qd6 38. Ne5 Rd5 39. Qc4 Qxe5+ 40. f4 Qd6 41. h6 Be6 42. Qe4 Rh5+ 43. Kg3 Rg5+ 0-1

[Event "***Titled Tuesday 3|2 Blitz"]
[Site "Chess.com"]
[Date "2017.02.07"]
[Round "2"]
[White "Ar4uha"]
[Black "underdogchss"]
[Result "0-1"]
[WhiteElo "2415"]
[BlackElo "2437"]
[TimeControl "180+2"]
[EndTime "13:27:46 PST"]
[Termination "underdogchss won by resignation"]

1. e4 e5 2. Nf3 Nc6 3. d4 exd4 4.
Nxd4 Nf6 5. Nxc6 bxc6 6. Bd3 d6 7. O-O Be7 8. Nc3 O-O 9. h3 Re8 10. f4 Nd7 11. Be3 Bf6 12. Rb1 a5 13. Qf3 g6 14. Ne2 Rb8 15. b3 c5 16. Ng3 Bb7 17.
Rbe1 Nb6 18. f5 Nd7 19. Kh1 Ne5 20. Qf2 Bg5 21. f6 Bxe3 22. Qxe3 Re6 23. Nh5 gxh5 24. Qg5+ Ng6 25. Bc4 d5 26. exd5 Rxe1 27. Rxe1 Qf8 28.
Re4 Kh8 29. Qxh5 Re8 30. Qe2 Rxe4 31. Qxe4 Qd8 32. Qf5 Bc8 33. Qg5 Kg8 34. Bd3 Qd6 35.
h4 Qf4 36. Qxf4 Nxf4 37. Be4 Bd7 38. g4 Bxg4 39. Kh2 Nh5 40. Bg2 Nxf6 41. Kg3 Bf5 42.
c3 Be4 43. Bf1 Bxd5 44. Kf4 Be6 45. Ke5 Nd7+ 46. Ke4 Kg7 47. Be2 c6 48. Ba6 Bd5+ 49. Kf5 Be6+ 50. Ke4 Kf6 51. c4 Ne5 52. Bb7 Bf5+ 53.
Kf4 Bb1 54. a3 h5 55. Ke3 Ba2 0-1

[Event "***Titled Tuesday 3|2 Blitz"]
[Site "Chess.com"]
[Date "2017.02.07"]
[Round "2"]
[White "Alexander_Moskalenko"]
[Black "oskariot"]
[Result "1-0"]
[WhiteElo "2692"]
[BlackElo "2530"]
[TimeControl "180+2"]
[EndTime "13:27:49 PST"]
[Termination "Alexander_Moskalenko won by resignation"]

1. e4 c5 2. Nf3 d6 3. d3 Nc6 4.
g3 g6 5. Bg2 Bg7 6. O-O e5 7.
Nc3 Nge7 8. a4 O-O 9. Nd2 Be6 10. Nc4 d5 11. exd5 Nxd5 12. Ne4 b6 13. Ng5 Bf5 14.
Be4 Bxe4 15. dxe4 Ndb4 16. c3 Nd3 17. Nf3 f5 18. Qe2 Nxc1 19. Raxc1 fxe4 20. Nfd2 Qe8 21. Nxe4 Rd8 22. Rcd1 Qe6 23. Ne3 Na5 24. h4 c4 25.
Rxd8 Rxd8 26. Rd1 Rxd1+ 27. Qxd1 h6 28. Qd8+ Kh7 29. Qc7 a6 30. Nd5 Kh8 31. Nxb6 Qf5 32. Qc8+ Kh7 33. Qxf5 gxf5 34. Nd6 Kg6 35. Nbxc4 Nb3 36.
Kf1 e4 37. Ke2 Bf8 38. f3 Nc5 39. fxe4 fxe4 40. b4 Nxa4 41. Nxe4 Kf5 42. Kf3 h5 43.
Ne3+ Ke5 44. Nc4+ Kd5 45. Ne3+ Ke5 46. g4 hxg4+ 47. Nxg4+ Kf5 48. h5 Nb2 49. Ne3+ Ke5 50. h6 Nd3 51. Ng4+ Kf5 52. h7 Bg7 53. Nc5 Nxc5 54. bxc5 Kg6 55. c6 1-0

[Event "***Titled Tuesday 3|2 Blitz"]
[Site "Chess.com"]
[Date "2017.02.07"]
[Round "2"]
[White "jk13"]
[Black "LyonBeast"]
[Result "0-1"]
[WhiteElo "2528"]
[BlackElo "2723"]
[TimeControl "180+2"]
[EndTime "13:27:58 PST"]
[Termination "LyonBeast won by resignation"]

1. e4 c5 2. c3 Nf6 3. e5 Nd5 4.
Bc4 Nb6 5. Bb3 c4 6. Bc2 Nc6 7. Nf3 d6 8. exd6 Qxd6 9. O-O Bg4 10. h3 Bh5 11. Qe2 O-O-O 12. Na3 Qf4 13. d4 cxd3 14.
Bxd3 Bxf3 15. Bxf4 Bxe2 16. Bxe2 e5 17. Bg3 Bxa3 18.
bxa3 g5 19. Rfd1 f6 20. f3 Nd5 21. Be1 Nf4 22. Bf1 h5 23. g3 Nd5 24. c4 Ne3 25.
Rxd8+ Rxd8 26. Be2 Nc2 27. Rc1 Nxe1 28. Rxe1 Rd2 29.
f4 exf4 30. gxf4 h4 31. Bg4+ Kc7 32. fxg5 fxg5 33. Re2 Rxe2 34. Bxe2 Kd6 35. Kf2 Ke5 36.
Ke3 Nd4 37. Bd1 b6 38. Kd3 Nf5 39. Bg4 Kf4 40. a4 a5 41. a3 Ne3 42. Bd7 g4 43. hxg4 Nxg4 44. Ke2 h3 45. Bc6 Ne3 46. Kd3 Ng2 47.
Ke2 Kg3 48. Kf1 Ne3+ 49. Ke2 Nxc4 50. Bd5 Nxa3 51. Kd3 b5 52. axb5 Nxb5 53. Kc4 Nd6+ 54. Kb3 h2 0-1

[Event "***Titled Tuesday 3|2 Blitz"]
[Site "Chess.com"]
[Date "2017.02.07"]
[Round "2"]
[White "Dlugy"]
[Black "Sven_Tica"]
[Result "1/2-1/2"]
[WhiteElo "2689"]
[BlackElo "2410"]
[TimeControl "180+2"]
[EndTime "13:28:04 PST"]
[Termination "Game drawn - insufficient material"]

1. d4 d5 2. Bf4 e6 3. e3 Bd6 4.
Bg3 Qe7 5. c4 Nf6 6. Nc3 Nbd7 7.
Bxd6 Qxd6 8. Nb5 Qb4+ 9. Qd2 Qxd2+ 10. Kxd2 Kd8 11. Bd3 dxc4 12. Bxc4 Nb6 13. Bd3 Bd7 14. Rc1 a6 15. Nc3 Rc8 16. Nf3 c5 17. dxc5 Rxc5 18. Ne4 Nxe4+ 19. Bxe4 Nc4+ 20. Ke2 b6 21. b3 Nd6 22. Rxc5 bxc5 23. Bd3 Kc7 24. Rc1 Kb6 25. Ne5 Bb5 26. Bxb5 Kxb5 27. a4+ Kb4 28. Nd3+ Kxb3 29.
Nxc5+ Kb4 30. Nxa6+ Kxa4 31. Nc5+ Kb5 32. Nd3 Rc8 33.
Rxc8 Nxc8 34. Ne5 Nd6 35. Kd3 Kc5 36. e4 h5 37. f4 f5 38. exf5 exf5 39. Ke3 Kd5 40. Kf3 g5 41. Nd7 g4+ 42. Kg3 Ke6 43. Ne5 Nf7 44. Nc4 Kf6 45. Kh4 Kg6 46. Kg3 Nh8 47.
Kf2 Kf6 48. Ke3 Ng6 49. g3 Ke6 50. Kd4 h4 51. Ne3 hxg3 52. hxg3 Ne7 53. Kc5 Ng8 54. Nc2 Nf6 55. Nd4+ Kf7 56. Nxf5 Kg6 57. Nd6 Nh5 58.
Ne4 Nxf4 59. gxf4 Kf5 60. Nf2 g3 61. Nh3 Kg4 62. Ng1 Kxf4 63. Ne2+ Kf3 64. Nxg3 1/2-1/2

[Event "***Titled Tuesday 3|2 Blitz"]
[Site "Chess.com"]
[Date "2017.02.07"]
[Round "2"]
[White "denizozen"]
[Black "Sanan_Sjugirov"]
[Result "0-1"]
[WhiteElo "2429"]
[BlackElo "2638"]
[TimeControl "180+2"]
[EndTime "13:28:07 PST"]
[Termination "Sanan_Sjugirov won by resignation"]

1. e4 c5 2. Nf3 d6 3. Bb5+ Nd7 4.
O-O a6 5. Bd3 Ngf6 6. c3 g6 7. Bc2 Bg7 8. d4 O-O 9. h3 b5 10. e5 Ne8 11. exd6 Nxd6 12. dxc5 Nxc5 13. Be3 Nd7 14. Bf4 Bb7 15. Nbd2 Nb6 16. Re1 Re8 17. Bb3 Rc8 18. Ne5 e6 19. a4 bxa4 20. Bxa4 Nxa4 21. Qxa4 Nf5 22. Ndf3 Qb6 23. Rad1 Bxf3 24. Nxf3 Qxb2 25. Qxa6 Ra8 26. Qc6 Qxc3 27. Qxc3 Bxc3 28. Re2 Bf6 29. Red2 Red8 30. Rxd8+ Rxd8 31. Rxd8+ Bxd8 32. Kf1 Bf6 33. Ke2 Ne7 34. Be5 Kg7 35. Bxf6+ Kxf6 36. Nd2 Nd5 37. Ne4+ Ke7 38. g3 h6 39. f4 Nf6 40.
Nc3 Kd6 41. Kf3 Kc5 42. Ne2 Kc4 43. g4 Nd7 44. h4 Kd3 45. Ng3 f5 46. h5 fxg4+ 47.
Kxg4 Nf6+ 48. Kf3 Nxh5 49. Ne4 Kd4 50. Nd6 Nf6 51. Nf7 h5 52. Ne5 g5 53. Nc6+ Kc5 54.
fxg5 Kxc6 55. gxf6 Kd7 56. Kf4 Ke8 57. Kg5 Kf7 58. Kxh5 Kxf6 59. Kg4 Ke5 0-1

[Event "***Titled Tuesday 3|2 Blitz"]
[Site "Chess.com"]
[Date "2017.02.07"]
[Round "2"]
[White "E-Shaposhnikov"]
[Black "SavelijTartakover"]
[Result "1-0"]
[WhiteElo "2740"]
[BlackElo "2524"]
[TimeControl "180+2"]
[EndTime "13:28:09 PST"]
[Termination "E-Shaposhnikov won on time"]

1. Nf3 Nf6 2. c4 g6 3. Nc3 Bg7 4. e4 O-O 5. d4 d6 6. Be2 e5 7.
O-O Nc6 8. d5 Ne7 9. b4 h6 10.
c5 a5 11. cxd6 cxd6 12. Ba3 Ne8 13. Nd2 f5 14. Nc4 axb4 15. Bxb4 fxe4 16. Nxe4 Nf5 17.
a4 Bd7 18. Nexd6 Nexd6 19. Nxd6 Nxd6 20. Bxd6 Bxa4 21. Rxa4 Qxd6 22. Rxa8 Rxa8 23. Qb1 e4 24. Qxe4 Rf8 25. Bd3 Kh7 26. g3 Rf5 27. Rd1 Qc5 28. Qe2 Rf8 29. h4 Kh8 30. Bxg6 Bd4 31. Qd3 Bxf2+ 32.
Kg2 Be1 33. Kh3 Qf2 34. Kg4 Rf6 35. h5 Bb4 36. Qd4 Qxd4+ 37. Rxd4 Bd6 38. Ra4 b5 39. Ra8+ Kg7 40. Ra7+ Kg8 41. Rb7 b4 42. Bf5 Kf8 43. Be6 Rf2 44. Rd7 Bc5 45. d6 Rd2 46. Rd8+ Kg7 47.
d7 Bf8 48. Kf5 Rd3 49. g4 b3 50. Rb8 Be7 51. Ke4 Rd6 52. Ke5 Rd3 53. Ke4 Rd6 54. Bf5 Rd2 55. Rxb3 Kf6 56. Rb6+ 1-0

[Event "***Titled Tuesday 3|2 Blitz"]
[Site "Chess.com"]
[Date "2017.02.07"]
[Round "2"]
[White "vellottiwizard"]
[Black "daro94"]
[Result "0-1"]
[WhiteElo "2530"]
[BlackElo "2658"]
[TimeControl "180+2"]
[EndTime "13:28:13 PST"]
[Termination "daro94 won by resignation"]

1. e4 e5 2. Nf3 Nc6 3. Bb5 a6 4.
Ba4 Nf6 5. O-O Be7 6. d4 exd4 7.
Re1 b5 8. e5 Nd5 9. Bb3 Nb6 10.
c3 O-O 11. Nxd4 Nxd4 12. cxd4 d5 13. Bc2 f5 14. b3 Be6 15. a4 bxa4 16. bxa4 c5 17.
Ba3 Rc8 18. Nd2 c4 19. a5 Nd7 20. Bxe7 Qxe7 21. Nb1 Nb8 22. Nc3 Nc6 23. Qd2 Rb8 24.
Ba4 Nb4 25. Reb1 f4 26. Bd1 g5 27. Ra4 Nd3 28. Raa1 Qa7 29. Ne2 Rxb1 30. Rxb1 h6 31. Rb6 Qf7 32. Rxa6 f3 33. Ng3 fxg2 34. Bh5 Qf4 35. Qe3 Nxf2 36. Qxf4 Nh3+ 37. Kxg2 Nxf4+ 38. Kh1 Rc8 39. Bd1 c3 40. Bc2 Rb8 41. Rb6 Ra8 42. a6 Bc8 43. Rc6 Bxa6 44. Rxc3 Bc4 45. Kg1 Ra1+ 46.
Kf2 Kf8 47. Nf5 Rf1+ 48. Ke3 Ng2+ 49. Kd2 Rf2+ 50. Kc1 Ne1 51. Ne3 Rxh2 52. Nxc4 dxc4 53. Be4 Nd3+ 54. Bxd3 cxd3 55. Rxd3 Re2 56. Kd1 Re4 57.
Kd2 g4 58. Kc3 h5 59. Kc4 h4 60. Kd5 Re1 61. e6 h3 0-1

[Event "***Titled Tuesday 3|2 Blitz"]
[Site "Chess.com"]
[Date "2017.02.07"]
[Round "2"]
[White "DryCounty"]
[Black "sergiochess83"]
[Result "0-1"]
[WhiteElo "2392"]
[BlackElo "2719"]
[TimeControl "180+2"]
[EndTime "13:28:14 PST"]
[Termination "sergiochess83 won by resignation"]

1. Nf3 d5 2. c4 d4 3. g3 Nc6 4.
Bg2 e5 5. d3 Bd6 6. O-O Nge7 7.
Na3 O-O 8. Nc2 a5 9. e3 dxe3 10. Bxe3 Nf5 11. Re1 h6 12. Bd2 Re8 13. Bc3 Bd7 14.
d4 exd4 15. Rxe8+ Bxe8 16. Ncxd4 Nfe7 17. Nb5 Nf5 18. Nxd6 Nxd6 19. Qe2 Qe7 20. Qxe7 Nxe7 21. b3 Bc6 22. Re1 Ng6 23. h4 a4 24. h5 Nf8 25.
Nd4 Bxg2 26. Kxg2 axb3 27. axb3 c5 28. Nc2 Ne6 29. Ne3 Ra3 30. Rb1 Ne4 31. Be1 Nf6 32.
g4 Nf4+ 33. Kf3 Nd3 34. Bc3 Nd7 35. Nf5 f6 36. Nd6 b6 37. Ke3 N3e5 38. f3 Ra2 39.
Rb2 Ra1 40. Rd2 Re1+ 41. Kf2 Rc1 42. Bxe5 Nxe5 43. Nc8 Rc3 44. Nxb6 Rxf3+ 45. Kg2 Rxb3 46. Rd8+ Kh7 47. Nd7 Nxd7 48. Rxd7 Rc3 49. Rc7 Rxc4 50. Kg3 Rc1 51. Rc8 c4 52. Kg2 c3 53. Kh2 g5 54.
Rc7+ Kg8 55. Kg2 Kf8 56. Kf2 c2 57. Kg2 Ke8 58. Rc8+ Kd7 59. Rc5 Kd6 60. Rc8 Ke5 61. Rc4 Kd5 62. Rc8 Ke4 63. Rc4+ Ke3 64. Rc8 Re1 65.
Re8+ Kd2 66. Rd8+ Kc3 67. Rc8+ Kb3 68. Rb8+ Ka4 69. Ra8+ Kb5 0-1